 Dungeon Crawl Stone Soup version 0.22-a0-192-g6ffc940c34 (webtiles) character file.

392 RedPan the Magician (level 6, -7/36 HPs)
             Began as an Octopode Wizard on Feb 16, 2018.
             Mangled by an orc
             ... wielding a +0 war axe
              (12 damage)
             ... on level 4 of the Dungeon.
             The game lasted 00:08:29 (5838 turns).

RedPan the Magician (Octopode Wizard)               Turns: 5838, Time: 00:08:30

Health: -7/36      AC:  2    Str:  7    XL:     6   Next: 80%
Magic:  13/21      EV: 13    Int: 20    God:
Gold:   233        SH:  0    Dex: 12    Spells: 2/13 levels left

rFire    . . .     SeeInvis .   e - +0 dagger
rCold    . . .     Gourm    .   (no shield)
rNeg     . . .     Faith    .   a - +1 hat
rPois    .         Spirit   .   (no amulet)
rElec    .         Reflect  .   l - ring of magical power
rCorr    .         Harm     .   (no ring)
MR       .....                  (no ring)
Stlth    ++........             (no ring)
HPRegen  0.12/turn              (no ring)
MPRegen  0.17/turn              (no ring)
                                (no ring)
                                (no ring)

@: confused, very slightly contaminated, slowed, drained, very slow
A: almost no armour, stealthy swim, amphibious, 8 rings, constrict 8, camouflage
1, gelatinous body 1
a: no special abilities


You were on level 4 of the Dungeon.
You were not hungry.

You visited 1 branch of the dungeon, and saw 4 of its levels.

You collected 233 gold pieces.

Inventory:

Hand Weapons
 e - a +0 dagger (weapon)
Armour
 a - a +1 hat (worn)
Jewellery
 h - an uncursed amulet of harm
 l - a ring of magical power (left tentacle)
Scrolls
 d - a scroll of identify {unknown}
 g - 2 scrolls of remove curse
 i - a scroll of teleportation {unknown}
Potions
 f - a potion of haste {unknown}
 k - a potion of degeneration {unknown}
 n - a potion of cancellation {unknown}
Books
 b - a book of Minor Magic

   Spells                             Type                      Level
   a - Magic Dart                     Conjuration                  1
   b - Blink                          Translocation                2
   c - Call Imp                       Summoning                    2
   d - Slow                           Hexes                        2
   e - Conjure Flame                  Conjuration/Fire             3
   f - Mephitic Cloud                 Conjuration/Poison/Air       3
Comestibles
 c - 3 rations
 j - 4 chunks of flesh


   Skills:
 + Level 2.9(2.1) Dodging
 - Level 2.6(1.8) Stealth
 - Level 4.1(3.2) Spellcasting
 - Level 3.0(2.2) Conjurations
 + Level 1.9(1.1) Summonings
 + Level 1.8(1.1) Translocations
 + Level 1.5(0.7) Fire Magic
 + Level 2.0(1.2) Air Magic
 + Level 2.5(1.7) Poison Magic


You had 2 spell levels left.
You knew the following spells:

 Your Spells              Type           Power        Failure   Level  Hunger
a - Magic Dart            Conj           ##..         5%          1    None
b - Blink                 Tloc           N/A          13%         2    ##.....
c - Call Imp              Summ           #.......     13%         2    ##.....
d - Mephitic Cloud        Conj/Pois/Air  ##......     21%         3    ###....
e - Conjure Flame         Conj/Fire      #.......     22%         3    ###....


Dungeon Overview and Level Annotations

Branches:
Dungeon (4/15)
 Temple: D:4-7

Altars:
Hepliaklqana
Okawaru
Qazlal
The Shining One


Innate Abilities, Weirdness & Mutations

You cannot wear most types of armour.
You are very stealthy in the water. (Stealth+)
You are amphibious.
You can wear up to eight rings at the same time.
You can use your tentacles to constrict eight enemies at once.
Your skin changes colour to match your surroundings (Stealth+).
Your rubbery body absorbs attacks. (AC +1, EV +1)


Message History

Press: ? - help, Shift-Dir - straight line, f/p - orc
Aim: an orc, wielding a war axe and wearing a leather armour (heavily wounded)
The magic dart hits the orc.
The orc is heavily wounded.
The orc hits you with a war axe!
* * * LOW HITPOINT WARNING * * *
Casting: Magic Dart (safe; 5% risk of failure)
Confirm with . or Enter, or press ? or * to list all spells.
Aiming: Magic Dart (safe; 5% risk of failure)
Press: ? - help, Shift-Dir - straight line, f/p - orc
Aim: an orc, wielding a war axe and wearing a leather armour (heavily wounded)
The magic dart hits the orc.
The orc is heavily wounded.
The orc hits you with a war axe.
* * * LOW HITPOINT WARNING * * *
The orc misses you.
The orc wizard points at you and mumbles some strange words.
You are confused.
The orc hits you with a war axe!
You die...

#..........######..........
#.<........# #..........
#....##'#..######..........
.........#........########..
#....o...)....................
#............(............##..
...........................##..
..............o.............##..
..............o@............##..
.##...oo............##..
.....)..................
..............##........
........................
......................##
......................##
............)....#....##
....##..........#######


You could see 2 orc wizards and 2 orcs.

Vanquished Creatures
  A scorpion (D:2)
  An orc priest (D:3)
  2 orc wizards (D:4)
  5 gnolls
  7 adders
  An ooze (D:3)
  2 worms
  2 dart slugs
  6 leopard geckos
  9 orcs
  7 bats
  A giant cockroach (D:1)
  9 goblins
  11 hobgoblins
  4 jackals (D:3)
  11 kobolds
  2 quokkas (D:3)
  3 ball pythons
  3 frilled lizards (D:3)
  16 rats
103 creatures vanquished.

Vanquished Creatures (collateral kills)
  An iguana (D:4)
  2 gnolls (D:2)
3 creatures vanquished.

Grand Total: 106 creatures vanquished

Notes
Turn   | Place    | Note
-------+----------+-------------------------------------------
     0 | D:1      | RedPan the Octopode Wizard began the quest for the Orb.
     0 | D:1      | Reached XP level 1. HP: 11/11 MP: 4/4
    79 | D:1      | Reached XP level 2. HP: 12/17 MP: 0/6
   575 | D:1      | Reached XP level 3. HP: 20/21 MP: 3/7
   616 | D:1      | Learned a level 2 spell: Blink
   619 | D:1      | Learned a level 2 spell: Call Imp
   623 | D:1      | Learned a level 3 spell: Mephitic Cloud
  1223 | D:2      | Found a hazy altar of Hepliaklqana.
  1360 | D:2      | Noticed a scorpion
  1393 | D:2      | Killed a scorpion
  1393 | D:2      | Reached skill level 4 in Spellcasting
  1393 | D:2      | Reached XP level 4. HP: 20/27 MP: 1/10
  1777 | D:2      | Reached XP level 5. HP: 31/31 MP: 2/11
  1989 | D:2      | Reached skill level 1 in Poison Magic
  2062 | D:2      | Reached skill level 1 in Air Magic
  2517 | D:2      | Learned a level 3 spell: Conjure Flame
  2910 | D:3      | Found a stormy altar of Qazlal.
  3873 | D:3      | Found a glowing golden altar of the Shining One.
  3875 | D:3      | Found an iron altar of Okawaru.
  4470 | D:4      | Reached XP level 6. HP: 32/36 MP: 7/12
  4781 | D:4      | Reached skill level 1 in Fire Magic
  5838 | D:4      | Mangled by an orc

Vault maps used:
D:1:      lemuel_arrival_cross
D:2:      lemuel_coloured_pillars_altar, minmay_cut_off
D:3:      grunt_temple_overflow_open, kennysheep_minor_cross,
          minmay_misc_feat_diagonals, nicolae_qazlal_general_emergency

Skill      XL: |  1  2  3  4  5  6 |
---------------+-------------------+-----
Conjurations   | 2 3 |  3.0
Spellcasting   | 4 |  4.1
Poison Magic   | 2 |  2.5
Air Magic      | 1 2 |  2.0
Fire Magic     | 1 |  1.5
Dodging        | |  2.9
Stealth        | |  2.6
Summonings     | |  1.9
Translocations | |  1.8

Action                   |  1- 3 |  4- 6 || total
-------------------------+-------+-------++-------
Melee: Unarmed           |     6 |       ||     6
       Constrict         |     3 |    12 ||    15
       Dagger            |     7 |    39 ||    46
       Tentacles         |       |     5 ||     5
 Cast: Magic Dart        |    86 |   218 ||   304
       Call Imp          |     1 |    10 ||    11
  Use: Scroll            |       |     5 ||     5
 Stab: Distracted        |     1 |       ||     1
  Eat: Chunk             |     1 |     7 ||     8
       Ration            |       |     2 ||     2
Armor: Skin              |     1 |     8 ||     9
Dodge: Dodged            |    13 |    66 ||    79

Table legend:
 A = Spawn XP
 B = Non-spawn XP
 C = Spawn XP percentage of total XP
 D = Spawn monster count
 E = Non-spawn monster count
 F = Spawn count percentage of total count
 G = Total turns spent on level
                    A         B        C        D         E        F      G
               +---------+---------+-------+---------+---------+-------+---------
         Total |       0 |     560 |   0.0 |       0 |     106 |   0.0 |  5838
               +---------+---------+-------+---------+---------+-------+---------
           D:1 |       0 |      51 |   0.0 |       0 |      30 |   0.0 |  1091
           D:2 |       0 |     176 |   0.0 |       0 |      24 |   0.0 |  1455
           D:3 |       0 |     131 |   0.0 |       0 |      38 |   0.0 |  2294
           D:4 |       0 |     202 |   0.0 |       0 |      14 |   0.0 |   998
               +---------+---------+-------+---------+---------+-------+---------
